 Dungeon Crawl Stone Soup version 0.27-a0-1597-ge58577e147 (webtiles) character file.

Game seed: 18062100564293441860

984 Blejac999 the Slasher (level 8, -9/56 HPs)
             Began as a Djinni Gladiator on July 21, 2021.
             Was an Initiate of the Shining One.
             Mangled by an orc warrior (13 damage)
             ... on level 6 of the Dungeon.
             The game lasted 00:11:01 (6547 turns).

Blejac999 the Slasher (Djinni Gladiator)            Turns: 6547, Time: 00:11:02

Health: -9/56      AC: 10    Str: 13    XL:     8   Next: 41%
Gold:   963        EV: 13    Int: 11    God:    the Shining One [......] SH:  0 Dex: 14

rFire    + + .     SeeInvis .   a - +1 long sword
rCold    x . .     Faith    .   (no shield)
rNeg     . . .     Spirit   .   (no armour)
rPois    ∞         Reflect  .   c - +0 helmet
rElec    .         Harm     .   n - +4 cloak of Iwnus {rPois Slay-2 Stlth+}
rCorr    +         Rampage  .   (no gloves)
Will     .....                  (boots unavailable)
Stlth    +.........             (no amulet)
HPRegen  0.18/turn              f - +4 ring of protection
MPRegen  0.00/turn              g - ring of resist corrosion

@: flying, glowing
A: sickness immunity, fire resistance 2, cold vulnerability 1, float, innate
caster, hp casting, extra vitality 1, weak 1
a: Renounce Religion


You were on level 6 of the Dungeon.
You worshipped the Shining One.
The Shining One was noncommittal.
You visited 2 branches of the dungeon, and saw 7 of its levels.

You collected 963 gold pieces.

Inventory:

Hand Weapons
 a - a +1 long sword (weapon)
Armour
 c - a +0 helmet (worn)
 d - +0 fire dragon scales
 n - the +4 cloak of Iwnus (worn) {rPois Slay-2 Stlth+}
   (You found it on level 6 of the Dungeon)

   Slay:      It affects your accuracy & damage with ranged weapons and melee
   (-2).
   rPois:     It protects you from poison.
   Stlth:     It makes you more stealthy.
Jewellery
 f - a +4 ring of protection (left hand)
 g - a ring of resist corrosion (right hand)
 j - a ring of protection from fire
Wands
 b - a wand of iceblast (10)
 i - a wand of acid (9)
 m - a wand of paralysis (4)
Scrolls
 h - 5 scrolls of identify
Potions
 e - a potion of might
 k - a potion of invisibility


   Skills:
 + Level 3.5 Fighting
 + Level 6.1 Long Blades
 + Level 1.9 Throwing
 + Level 3.4 Armour
 + Level 4.4 Dodging
 - Level 1.0 Stealth
 * Level 2.4 Spellcasting


You had 5 spell levels left.
You knew the following spells:

 Your Spells              Type           Power      Damage    Failure   Level
a - Beastly Appendage     Tmut           12%        N/A       11%         1
b - Ensorcelled Hibernat  Hex/Ice        12%        N/A       16%         2
c - Conjure Flame         Conj/Fire      6%         6-21      30%         3
Your spell library was empty.

Dungeon Overview and Level Annotations

Branches:
Dungeon (6/15)             Temple (1/1) D:5

Altars:
Cheibriados
Dithmenos
Fedhas
Gozag
Hepliaklqana
Kikubaaqudgha
Makhleb
Trog
Uskayaw
Wu Jian
Xom
Yredelemnul
Zin
The Shining One


Innate Abilities, Weirdness & Mutations

You are immune to sickness and miasma.
You are immune to poison.
Your flesh is very heat resistant. (rF++)
You are vulnerable to cold. (rC-)
You float through the air rather than walking.
You learn spells naturally, not from books.
Your magical power is your life essence.
You have superior vitality. (+4 HP)
You are weak. (Str -2)


Message History

The orc warrior completely misses you.
You hit the orc warrior.
The orc warrior is lightly wounded.
The orc warrior closely misses you.
You hit the orc warrior.
The orc warrior is moderately wounded.
The orc warrior hits you with a +0 trident!
You slash the orc warrior!
The orc warrior is heavily wounded.
The orc warrior hits you with a +0 trident.
You hit the orc warrior but do no damage.
The orc warrior is heavily wounded.
The orc warrior barely misses you.
You hit the orc warrior but do no damage.
The orc warrior is heavily wounded.
The orc warrior closely misses you.
You completely miss the orc warrior.
The orc warrior is heavily wounded.
The orc warrior hits you with a +0 trident.
You hit the orc warrior but do no damage.
The orc warrior is heavily wounded.
The orc warrior closely misses you.
You riposte.
You hit the orc warrior but do no damage.
The orc warrior is heavily wounded.
You barely miss the orc warrior.
The orc warrior is heavily wounded.
The orc warrior closely misses you.
You barely miss the orc warrior.
The orc warrior is heavily wounded.
The orc warrior hits you with a +0 trident!
* * * LOW HITPOINT WARNING * * *
The orc warrior hits you but does no damage.
You barely miss the orc warrior.
The orc warrior is heavily wounded.
The orc warrior hits you with a +0 trident!
* * * LOW HITPOINT WARNING * * *
You hit the orc warrior.
The orc warrior is heavily wounded.
The orc warrior hits you with a +0 trident!
You die...

##.. #...# ##....
#.....# ##.....##
#.......################
#.......................
#.....o@..))............
#.......)...##########..
..........### #..
#.....##..# #.. ##..##
#..# ##.. ### #..# #...
#..# #>.. #..# #...
######...


You could see an orc warrior.

Vanquished Creatures
  A black bear (D:6)
  A necrophage (D:5)
  2 ogres
  A sky beast (D:6)
  A phantom (D:5)
  A scorpion (D:6)
  A wyvern zombie (D:5)
  2 orc priests (D:6)
  A jelly (D:6)
  An iguana (D:6)
  2 orc wizards
  2 hound zombies (D:5)
  4 hound skeletons (D:4)
  An adder (D:2)
  2 worms
  2 dart slugs
  8 orcs
  9 ball pythons
  8 endoplasms
  8 giant cockroaches
  7 goblins
  6 hobgoblins
  9 jackals (D:1)
  4 kobolds
  2 quokkas (D:3)
  4 bats (D:2)
  4 frilled lizards
  8 rats
102 creatures vanquished.

Notes
Turn   | Place    | Note
-------+----------+-------------------------------------------
     0 | D:1      | Blejac999 the Djinni Gladiator began the quest for the Orb.
     0 | D:1      | Reached XP level 1. HP: 18/18 MP: 0/0
   109 | D:1      | Reached skill level 3 in Long Blades
   109 | D:1      | Reached XP level 2. HP: 22/23 MP: 0/0
   772 | D:1      | Reached XP level 3. HP: 23/28 MP: 0/0
   772 | D:1      | Learned a level 1 spell: Beastly Appendage
  1150 | D:2      | Reached skill level 1 in Armour
  1492 | D:2      | Reached XP level 4. HP: 28/33 MP: 0/0
  1840 | D:2      | Identified a scroll of acquirement
  1840 | D:2      | Acquired 767 gold pieces
  2030 | D:3      | Reached XP level 5. HP: 34/39 MP: 0/0
  2030 | D:3      | Learned a level 2 spell: Ensorcelled Hibernation
  2587 | D:3      | Reached skill level 4 in Long Blades
  2683 | D:3      | Noticed an ogre
  2694 | D:3      | Killed an ogre
  2695 | D:3      | Reached skill level 1 in Spellcasting
  2695 | D:3      | Reached XP level 6. HP: 23/45 MP: 0/0
  3027 | D:3      | Gained mutation: You are weak. (Str -2) [potion of
                  | mutation]
  3063 | D:5      | Entered Level 5 of the Dungeon
  3187 | D:5      | Found a staircase to the Ecumenical Temple.
  3218 | Temple   | Entered the Ecumenical Temple
  3401 | Temple   | Became a worshipper of the Shining One
  3467 | D:5      | Noticed a necrophage
  3484 | D:5      | Killed a necrophage
  3485 | D:5      | Reached skill level 1 in Stealth
  3578 | D:5      | Reached XP level 7. HP: 5/49 MP: 0/0
  3578 | D:5      | Learned a level 3 spell: Conjure Flame
  3883 | D:5      | Reached skill level 5 in Long Blades
  5415 | D:6      | Identified the +4 cloak of Iwnus {rPois Slay-2 Stlth+}
  5656 | D:6      | Reached XP level 8. HP: 14/56 MP: 0/0
  5983 | D:6      | Found a burning altar of Makhleb.
  6321 | D:6      | Reached skill level 6 in Long Blades
  6547 | D:6      | Mangled by an orc warrior

Illustrated notes

Levels and vault maps discovered:
D:1:      lemuel_arrival_cross, layout_basic, roderic_serpentine_path
D:2:      layout_rooms, hangedman_decor_slide_cut
D:3:      layout_basic
D:4:      minmay_skewed_foursquare, layout_rooms
D:5:      layout_loops_ring, minmay_temple_entry_grid, minivault_4
D:6:      layout_cave_pods, mainiacjoe_overflow_concentric_impassable,
          mainiacjoe_overflow_brackets
Temple:   nicolae_temple_figure_eight

Skill      XL: |  1  2  3  4  5  6  7  8 |
---------------+-------------------------+-----
Long Blades    | 3 4 5 6 |  6.1
Armour         | 1 2 3 |  3.4
Spellcasting   | 1 2 |  2.4
Stealth        | 1 |  1.0
Dodging        | 4 |  4.4
Fighting       | 3 |  3.5
Throwing       | |  1.9

Action                   |  1- 3 |  4- 6 |  7- 9 || total
-------------------------+-------+-------+-------++-------
Melee: Long sword        |    91 |   153 |   153 ||   397
       Headbutt          |       |       |     4 ||     4
Throw: Throwing net      |     1 |     4 |       ||     5
       Dart              |       |     1 |     5 ||     6
 Cast: Beastly Appendage |       |       |     2 ||     2
  Use: Scroll            |     3 |     6 |     3 ||    12
       Potion            |     1 |     6 |       ||     7
 Stab: Sleeping          |     2 |     2 |       ||     4
       Held in net/web   |       |     1 |       ||     1
Armor: Leather armour    |    27 |    60 |     5 ||    92
       Fire dragon scale |       |       |    68 ||    68
       Skin              |       |       |    12 ||    12
Dodge: Dodged            |    56 |    74 |    96 ||   226
       Rpst.: Long sword |    18 |    30 |    25 ||    73

Table legend: (Time is in decaauts)
 A = Elapsed time spent in this place.
 B = Non-inter-level travel time spent in this place.
 C = Inter-level travel time spent in this place.
 D = Time resting spent in this place.
 E = Time spent auto-exploring this place.
 F = Levels seen in this place.
 G = Mean time per level.
                   A        B        C        D        E       F      G
               +--------+--------+--------+--------+--------+-----+--------+
         Total |   6603 |   6479 |    124 |   2459 |   2937 |   7 |  943.3 |
       Dungeon |   6364 |   6251 |    113 |   2459 |   2723 |   6 | 1060.7 |
        Temple |    238 |    227 |     11 |      0 |    214 |   1 |  238.0 |
               +--------+--------+--------+--------+--------+-----+--------+

Top non-repeatable levels by time:
     D:1: 1190 daAuts
     D:6: 1144 daAuts
     D:5: 1137 daAuts
     D:3: 1077 daAuts
     D:4: 979 daAuts
     D:2: 834 daAuts
  Temple: 238 daAuts
